 Dungeon Crawl Stone Soup version 0.25-a0-577-ga4619f4 (webtiles) character file.

Game seed: 16245046631646064863, levelgen mode: deterministic

366972 shukka the Peltast (level 22, -16/142 HPs)
             Began as a Gargoyle Fighter on Mar 1, 2020.
             Was the Champion of Makhleb.
             Demolished by an azure jelly (17 damage)
             ... on level 2 of the Pits of Slime on Mar 3, 2020.
             The game lasted 05:34:04 (56333 turns).

shukka the Peltast (Gargoyle Fighter)              Turns: 56333, Time: 05:34:04

Health: -16/142    AC: 40    Str: 29    XL:     22   Next: 91%
Magic:  0/27       EV:  8    Int: 10    God:    Makhleb [******]
Gold:   5141       SH: 35    Dex: 12    Spells: 32/33 levels left

rFire    + . .     SeeInvis .   D - +9 demon blade (elec)
rCold    . . .     Gourm    .   E - +18 shield of the Gong {rElec rN+ MR+ EV-5}
rNeg     + + .     Faith    .   i - +1 plate armour {rF+}
rPois    ∞         Spirit   +   s - +0 helmet
rElec    +         Reflect  .   t - scarf {repulsion}
rCorr    +         Harm     .   T - +2 pair of gloves
MR       ++...     Rnd*Rage +   M - +1 pair of boots
Stlth    ..........             Y - amulet of guardian spirit
HPRegen  0.33/turn              K - ring of resist corrosion
MPRegen  0.20/turn              z - +5 ring of strength

@: flying, studying Invocations, repel missiles
A: big wings, berserk 1, blurry vision 1, deformed body, deterioration 1, low mp
2, negative energy resistance 1, screaming 1, electricity resistance, weak 1,
unbreathing, petrification resistance, rot immunity, AC +16
}: 1/15 runes: gossamer
a: Stop Flying, Minor Destruction, Lesser Servant of Makhleb, Major Destruction,
Greater Servant of Makhleb, Renounce Religion


You were on level 2 of the Pits of Slime.
You worshipped Makhleb.
Makhleb was exalted by your worship.
You were not hungry.

You visited 11 branches of the dungeon, and saw 43 of its levels.
You also visited: Sewer and Ice Cave.

You collected 8116 gold pieces.
You spent 2975 gold pieces at shops.

Inventory:

Hand Weapons
 D - a +9 demon blade of electrocution (weapon)
Missiles
 e - 6 throwing nets (quivered)
 W - 880 stones
Armour
 i - a +1 plate armour of fire resistance (worn)
 s - a +0 helmet (worn)
 t - a scarf of repulsion (worn)
 E - the +18 shield of the Gong (worn) {rElec rN+ MR+ EV-5}
   (You took it off a vampire on level 3 of the Crypt)

   It affects your evasion (-5).
   It insulates you from electricity.
   It protects you from negative energy.
   It affects your resistance to hostile enchantments.
 M - a +1 pair of boots (worn)
 T - a +2 pair of gloves (worn)
Jewellery
 z - a +5 ring of strength (right hand)
 K - a ring of resist corrosion (left hand)
 L - an uncursed ring of magical power
 Y - an amulet of guardian spirit (around neck)
Wands
 m - a wand of digging (15)
 v - a wand of polymorph (7)
 F - a wand of iceblast (49)
 I - a wand of enslavement (18)
 P - a wand of flame (33)
 V - a wand of clouds (5)
 X - a wand of disintegration (23)
Scrolls
 a - a scroll of blinking
 d - 3 scrolls of holy word
 g - 9 scrolls of identify
 h - a scroll of amnesia
 j - 8 scrolls of fog
 l - 29 scrolls of remove curse
 n - 5 scrolls of magic mapping
 y - 6 scrolls of fear
 N - 3 scrolls of torment
 O - 3 scrolls of teleportation
Potions
 o - 6 potions of brilliance
 q - 4 potions of ambrosia
 w - 6 potions of stabbing
 x - a potion of cancellation
 B - 6 potions of curing
 C - 5 potions of magic
 G - a potion of invisibility {unknown}
 J - a potion of resistance
 U - 4 potions of berserk rage
 Z - a potion of might
Books
 b - a manual of Invocations
Miscellaneous
 k - a phial of floods
 u - 2 sacks of spiders
 A - a lightning rod (4/4)
 H - a lamp of fire
 Q - a phantom mirror
Comestibles
 f - 34 rations


   Skills:
 + Level 16.0 Fighting
 - Level 15.0 Long Blades
   Level 14.1 Maces & Flails
 + Level 19.3 Armour
 + Level 9.1 Dodging
 - Level 20.5 Shields
 - Level 6.1 Spellcasting
 - Level 9.6 Earth Magic
 - Level 16.8 Invocations


You had 32 spell levels left.
You knew the following spells:

 Your Spells              Type           Power        Failure   Level  Hunger
a - Sandblast             Erth           ###...       1%          1    None

Your spell library contained the following spells:

 Spells                   Type           Power        Failure   Level  Hunger
 Passwall                 Tmut/Erth      ##......     19%         2    ##.....
 Stone Arrow              Conj/Erth      ##....       36%         3    ###....
 Lee's Rapid Deconstruct  Erth           ###.......   43%         5    ######.
 Animate Skeleton         Necr           N/A          65%         1    None
 Apportation              Tloc           #.....       65%         1    None
 Beastly Appendage        Tmut           #.....       65%         1    None
 Foxfire                  Conj/Fire      #...         65%         1    None
 Freeze                   Ice            #...         65%         1    None
 Magic Dart               Conj           #...         65%         1    None
 Pain                     Necr           #...         65%         1    None
 Shock                    Conj/Air       #...         65%         1    None
 Sting                    Tmut/Pois      #...         65%         1    None
 Summon Butterflies       Summ           #.......     65%         1    None
 Summon Small Mammal      Summ           #...         65%         1    None
 Petrify                  Tmut/Erth      ##......     77%         4    ####...
 Call Imp                 Summ           #.......     80%         2    ##.....
 Poisonous Vapours        Pois/Air       #.....       80%         2    ##.....
 Searing Ray              Conj           #.....       80%         2    ##.....
 Sticks to Snakes         Tmut           #.......     80%         2    ##.....
 Call Canine Familiar     Summ           #.......     95%         3    ###....
 Confusing Touch          Hex            #.......     95%         3    ###....
 Dazzling Flash           Conj/Hex       #.....       95%         3    ###....
 Frozen Ramparts          Ice            #.....       95%         3    ###....
 Gell's Gravitas          Tloc           #.........   95%         3    ###....
 Lesser Beckoning         Tloc           #.........   95%         3    ###....
 Ozocubu's Armour         Chrm/Ice       #.......     95%         3    ###....
 Portal Projectile        Hex/Tloc       #.....       95%         3    ###....
 Spider Form              Tmut/Pois      #.........   95%         3    ###....
 Static Discharge         Conj/Air       #.......     95%         3    ###....
 Summon Guardian Golem    Hex/Summ       #.......     95%         3    ###....
 Tukima's Dance           Hex            #.......     95%         3    ###....
 Vampiric Draining        Necr           #.........   95%         3    ###....
 Borgnjor's Vile Clutch   Necr/Erth      ##........   98%         5    ######.
 Animate Dead             Necr           N/A          100%        4    ####...
 Fulminant Prism          Conj/Hex       #.........   100%        4    ####...
 Hailstorm                Conj/Ice       #.......     100%        4    ####...
 Ice Form                 Ice/Tmut       #.......     100%        4    ####...
 Iskenderun's Mystic Bla  Conj/Tloc      #.......     100%        4    ####...
 Summon Ice Beast         Ice/Summ       #.......     100%        4    ####...
 Summon Lightning Spire   Summ/Air       #.......     100%        4    ####...
 Agony                    Necr           #.......     100%        5    ######.
 Alistair's Intoxication  Tmut/Pois      #.......     100%        5    ######.
 Blade Hands              Tmut           #.........   100%        5    ######.
 Bolt of Magma            Conj/Fire/Erth #.........   100%        5    ######.
 Excruciating Wounds      Chrm/Necr      #.........   100%        5    ######.
 Irradiate                Conj/Tmut      #.........   100%        5    ######.
 Iskenderun's Battlesphe  Conj/Chrm      #.......     100%        5    ######.
 Lightning Bolt           Conj/Air       #.........   100%        5    ######.
 Metabolic Englaciation   Hex/Ice        #.........   100%        5    ######.
 Yara's Violent Unravell  Hex/Tmut       #.........   100%        5    ######.
 Death Channel            Necr           #.........   100%        6    #######
 Dispersal                Tloc           #.........   100%        6    #######
 Eringya's Noxious Bog    Tmut/Pois      #.........   100%        6    #######
 Freezing Cloud           Conj/Ice/Air   #.........   100%        6    #######
 Hydra Form               Tmut           #.........   100%        6    #######
 Invisibility             Hex            #.......     100%        6    #######
 Iron Shot                Conj/Erth      ##........   100%        6    #######
 Ozocubu's Refrigeration  Ice            #.........   100%        6    #######
 Simulacrum               Ice/Necr       #.........   100%        6    #######
 Dragon Form              Tmut           #.........   100%        7    #######
 Orb of Destruction       Conj           #.........   100%        7    #######
 Spellforged Servitor     Conj/Summ      #.........   100%        7    #######
 Controlled Blink         Tloc           N/A          100%        8    #######
 Death's Door             Chrm/Necr      #.........   100%        8    #######
 Disjunction              Tloc           #.........   100%        8    #######
 Ignition                 Fire           #.........   100%        8    #######
 Shatter                  Erth           ###.......   100%        9    #######
 Tornado                  Air            #.........   100%        9    #######
 Statue Form              Tmut/Erth      Unusable     N/A         6    N/A

Dungeon Overview and Level Annotations

Branches:
Dungeon (14/15)            Temple (1/1) D:5            Lair (6/6) D:11
  Swamp (2/4) Lair:4       Spider (4/4) Lair:3        Slime (5/5) Lair:5
    Orc (2/2) D:11            Elf (1/3) Orc:2        Vaults (4/5) D:14
  Crypt (3/3) Vaults:2       Tomb (1/3) Crypt:3       Sewer (visited)
  IceCv (visited)

Altars:
Ashenzari
Cheibriados
Dithmenos
Elyvilon
Gozag
Hepliaklqana
Makhleb
Nemelex Xobeh
Ru
Sif Muna
Trog
Wu Jian
Xom
Yredelemnul
Zin
The Shining One
Beogh

Shops:
D:9 %   D:10 [   Orc:2 ?[!:?   Vaults:1 *

Portals:
Pandemonium: Orc:2
Trove: Vaults:3 (give +3 gold dragon scales)

Annotations:
Slime:5 Royal Jelly


Innate Abilities, Weirdness & Mutations

You are resistant to torment.
Your stone body is resilient. (AC +16)
You are immune to poison.
Your large and strong wings let you fly indefinitely.
You resist negative energy. (rN+)
You are resistant to electric shocks. (rElec)
You can survive without breathing.
You are immune to petrification.
You are immune to rotting.
You tend to lose your temper in combat.
Scrolls take you a little longer to read.
Armour fits poorly on your strangely shaped body.
Your body sometimes deteriorates upon taking damage.
Your magical capacity is very low. (-20% MP)
You occasionally shout uncontrollably at your foes.
You are weak. (Str -2)


Message History

GONNNNG!
The azure jelly hits you.
* * * LOW HITPOINT WARNING * * *
The azure jelly hits you but does no damage.
A titanic slime creature splits.
The azure jelly hits you but does no damage. x2
You block the azure jelly's attack.
SHROANNG!
The azure jelly hits you but does no damage.
A very large slime creature splits.
The slime creature hits you.
* * * LOW HITPOINT WARNING * * *
The acid blob spits acid at you. The splash of acid hits you. You resist.
* * * LOW HITPOINT WARNING * * *
You are splashed with acid.
You resist.
* * * LOW HITPOINT WARNING * * *
The azure jelly hits you.
* * * LOW HITPOINT WARNING * * *
The azure jelly freezes you!
You die...

#... ##.#..###....#
#..##.....##....##
####........###.....##
##.###.......##.......#
#...##......####.....##
#...#................#
######...................##
.#..##.....#...JJ.......##
.....#.........J@......##
.#..#..........JJJ....##
#...##.#.......JJ>.....##
##...#..................##
.........................###
.............#...........#.#
.............^.......#......#
..........^............#.#.##
.......##........#...<..####


You could see an acid blob, 2 azure jellies, a very large slime creature, 2
large slime creatures and 2 slime creatures.

Vanquished Creatures
  Frederick (Vaults:3)
  The ghost of Ciwiv the Executioner, a veteran FoFi of Dithmenos (Crypt:2)
  Arachne (Spider:2)
  Jory (Crypt:3)
  A lich (Crypt:3)
  12 acid blobs
  4 sphinxes (Tomb:1)
  A thorn hunter (Swamp:1)
  A tengu reaver (Vaults:4)
  4 ancient champions
  A deep elf sorcerer (Vaults:3)
  5 fire giants
  2 revenants (Crypt:3)
  11 vault wardens
  13 azure jellies
  4 emperor scorpions
  3 curse skulls (Crypt:3)
  A ghost moth (Spider:4)
  6 ghouls
  3 stone giants
  14 ironheart preservers
  6 entropy weavers
  17 vampire knights
  A spark wasp (Spider:3)
  5 eidola
  3 deep elf death magi
  A mummy priest (Tomb:1)
  14 jiangshi
  2 rakshasas
  5 death oozes
  5 great orbs of eyes
  3 yaktaur captains
  Harold (D:7)
  8 vault guards
  An ice dragon (Vaults:4)
  11 hydras
  A quicksilver dragon skeleton (Crypt:2)
  The ghost of Waroif the Spear-Bearer, a journeyman VSBe of Trog (D:13)
  2 centaur warriors
  A shambling mangrove (Swamp:1)
  10 ogre magi
  7 death knights
  3 dancing weapons (Crypt:3)
  5 alligators (Swamp:1)
  18 vampire magi
  25 two-headed ogres
  18 death scarabs
  A deep troll earth mage (Vaults:3)
  6 death yaks
  4 orc high priests (Orc:2)
  Sonja (D:13)
  4 storm dragon zombies (Crypt:3)
  A soul eater (Crypt:3)
  24 skeletal warriors
  7 shadow wraiths
  A deep elf knight (Vaults:3)
  An iron giant zombie (Crypt:3)
  A titan skeleton (Crypt:1)
  2 golden dragon zombies
  10 deep trolls
  An entropy weaver zombie (Vaults:2)
  7 flayed ghosts
  3 glowing orange brains
  2 infernal demonspawn
  3 deep elf archers
  4 wizards
  13 orc knights
  A gelid demonspawn (Orc:2)
  2 swamp dragons (Swamp:1)
  Pikel (D:5)
  12 phantasmal warriors
  11 ironbrand convokers
  2 spectral wolf spiders (Spider:4)
  10 orb spiders
  9 deep elf magi
  6 necromancers
  A fire giant zombie (Crypt:1)
  2 human zombies (Vaults:2)
  3 stone giant zombies
  3 cyclopes
  A manticore (D:14)
  6 orc sorcerers
  4 wolf spider zombies
  6 shining eyes
  30 wolf spiders
  12 ugly things
  An iron dragon zombie (Crypt:2)
  A salamander (shapeshifter) (Vaults:4)
  4 oklob plants
  A frost giant skeleton (Crypt:2)
  71 slime creatures
  2 black mambas
  An iron dragon skeleton (Crypt:2)
  4 moths of wrath
  2 dire elephant zombies
  5 elephants (Lair:6)
  4 vault sentinels
  A rust devil (Orc:2)
  2 orange demons (Orc:2)
  2 centaur skeletons
  An eye of devastation (Slime:3)
  8 spiny frogs
  An emperor scorpion zombie (Crypt:3)
  A torpor snail (shapeshifter) (Vaults:1)
  2 rime drakes
  A storm dragon simulacrum (Vaults:2)
  A red draconian zombie (Crypt:1)
  An elephant slug zombie (Crypt:1)
  A pale draconian zombie (Crypt:3)
  A spectral redback (Spider:4)
  5 komodo dragons
  A yaktaur skeleton (Vaults:2)
  3 redback zombies
  An ice devil (Orc:2)
  17 freezing wraiths
  A kobold demonologist (D:12)
  5 demonic crawlers
  A troll (Vaults:3)
  18 yaktaurs
  A hellwing (Orc:2)
  Grinder (D:4)
  2 trolls (shapeshifter)
  5 polar bears
  37 jumping spiders
  A polar bear (shapeshifter) (D:13)
  A meliai (shapeshifter) (Vaults:3)
  A merfolk (shapeshifter) (Vaults:3)
  3 tyrant leeches (Swamp:1)
  A guardian mummy (Tomb:1)
  3 spectral jumping spiders (Spider:4)
  14 hornets
  12 blink frogs (Lair:1)
  A tarantella zombie (Spider:4)
  10 hippogriffs
  2 spectral tarantellas (Spider:4)
  A dream sheep (Lair:6)
  3 bog bodies
  3 ettin zombies
  An alligator zombie (Crypt:2)
  A centaur simulacrum (D:14)
  3 human simulacra (Vaults:2)
  A fire dragon zombie (Tomb:1)
  A satyr skeleton (Crypt:1)
  15 spriggans
  27 tarantellas
  A wind drake zombie (Crypt:3)
  59 redbacks
  2 ushabtiu (Tomb:1)
  11 wraiths
  2 shadows (Crypt:2)
  An ice dragon skeleton (Crypt:2)
  A tyrant leech zombie (Crypt:1)
  3 wyverns
  24 vampires (Crypt:3)
  36 yaks
  2 basilisks
  3 fire bats (Orc:2)
  11 humans (D:14)
  A hungry ghost (D:8)
  A wind drake skeleton (Crypt:3)
  10 vampire mosquitoes
  2 swamp worms (Swamp:1)
  6 insubstantial wisps (Swamp:1)
  The ghost of Typerbomb the Chopper, an amateur GrBe of Trog (D:5)
  A soldier ant (D:12)
  8 water moccasins
  A deep troll skeleton (Vaults:2)
  A faun skeleton (Crypt:2)
  6 porcupines
  3 swamp drakes (Swamp:1)
  A spectral hornet (Spider:4)
  37 orc warriors
  6 black bears
  A snapping turtle zombie (Crypt:2)
  9 ice beasts
  A manticore zombie (Crypt:3)
  A phantom (D:9)
  3 sky beasts
  A slave (D:5)
  A spiny frog skeleton (Crypt:2)
  7 eyes of draining
  An ettin simulacrum (Vaults:2)
  2 hornet zombies
  4 boggarts
  2 necrophages
  38 ogres
  27 wolves
  8 centaurs
  9 crocodiles
  A rime drake skeleton (Crypt:2)
  7 big kobolds
  2 wyvern zombies
  24 bullfrogs
  A gnoll sergeant (D:10)
  An earth elemental (Orc:2)
  A water moccasin skeleton (Crypt:2)
  13 human skeletons
  4 scorpions
  An orc simulacrum (Vaults:2)
  6 killer bees
  A shapeshifter zombie (Crypt:2)
  6 wights
  A spriggan skeleton (Crypt:2)
  4 electric eels
  9 howler monkeys
  15 crimson imps
  3 bullfrog zombies
  A centaur zombie (D:9)
  A quasit (D:9)
  A jelly (D:8)
  28 orc wizards
  Crazy Yiuf (D:4)
  3 bullfrog skeletons
  4 hounds
  28 orc priests
  4 iguanas
  2 hell rats (Lair:2)
  14 worker ants
  A killer bee zombie (D:6)
  A tengu zombie (Crypt:3)
  An acid dragon zombie (Crypt:1)
  A deep dwarf zombie (Crypt:1)
  A naga zombie (Crypt:3)
  A felid skeleton (Crypt:2)
  3 hound zombies
  3 hound skeletons
  5 mummies (Tomb:1)
  2 howler monkey zombies
  11 gnolls
  13 adders
  A howler monkey skeleton (D:5)
  11 river rats
  A steam dragon zombie (Crypt:1)
  4 shadow imps
  A swamp drake skeleton (Crypt:3)
  3 white imps (D:13)
  2 oozes (Sewer)
  An adder zombie (D:5)
  An iguana zombie (Crypt:1)
  2 adder skeletons
  An iguana skeleton (Crypt:3)
  7 worms
  2 dart slugs
  2 leopard geckos
  106 orcs
  5 giant cockroaches
  A hobgoblin (D:3)
  13 jackals
  10 kobolds
  3 quokkas
  5 ball pythons
  A ball python skeleton (Crypt:2)
  4 bats
  2 frilled lizards (D:1)
  A giant cockroach zombie (Crypt:2)
  10 goblins
  A jackal zombie (D:5)
  A leopard gecko skeleton (D:4)
  A quokka skeleton (Crypt:2)
  11 rats
  A rat zombie (Crypt:2)
  A briar patch (Swamp:1)
  A plant (Lair:4)
1607 creatures vanquished.

Vanquished Creatures (collateral kills)
  Jorgrun (Spider:1)
  The ghost of Guffinn the Brawler, an adept CeAr of Okawaru (Vaults:2)
  Asterion (Spider:2)
  2 acid blobs
  Frances (Spider:1)
  Donald (Orc:2)
  An azure jelly (Slime:4)
  A vault warden (Vaults:2)
  2 emperor scorpions (Spider:4)
  A curse skull (Crypt:2)
  2 ironheart preservers
  An entropy weaver (Spider:2)
  2 vampire knights (Crypt:3)
  A spark wasp (Spider:4)
  An eidolon (Crypt:2)
  A jiangshi (Crypt:3)
  A death ooze (Slime:4)
  An ogre mage (Vaults:2)
  2 great orbs of eyes
  3 two-headed ogres (Vaults:2)
  2 orc high priests (Orc:2)
  A death scarab (Spider:4)
  A sun demon (Orc:2)
  A shadow wraith (Crypt:2)
  A flayed ghost (Vaults:1)
  An orc knight (Orc:2)
  An ironbrand convoker (Vaults:2)
  A phantasmal warrior (Crypt:2)
  4 deep elf magi
  2 orb spiders
  6 wolf spiders
  An oklob plant (Lair:4)
  3 orc sorcerers (Orc:2)
  A vault sentinel (Vaults:2)
  3 yaktaurs (Vaults:2)
  2 demonic crawlers (Spider:1)
  2 hornets
  A polar bear (Lair:6)
  6 jumping spiders
  A bog body (Swamp:1)
  9 slime creatures
  A jumping spider zombie (Spider:4)
  13 redbacks
  2 spriggans
  A wraith (Crypt:2)
  7 tarantellas
  4 golden eyes (Slime:4)
  A vampire (D:13)
  A vampire mosquito (Swamp:1)
  A water moccasin (D:11)
  A phantom (D:11)
  5 orc warriors
  A swamp drake (Swamp:1)
  A centaur (D:11)
  An ogre (Vaults:2)
  An orc simulacrum (Vaults:1)
  3 orc priests
  5 orcs
126 creatures vanquished.

Vanquished Creatures (others)
  A vault guard (D:14)
  An unseen horror (Vaults:1)
  A phantasmal warrior (Crypt:3)
  A spriggan (Swamp:1)
  A crimson imp (D:5)
  An orc priest (Vaults:3)
  2 orcs
  12 fungi
  6 plants (D:11)
26 creatures vanquished.

Grand Total: 1759 creatures vanquished

Notes
Turn   | Place    | Note
-------+----------+-------------------------------------------
     0 | D:1      | shukka the Gargoyle Fighter began the quest for the Orb.
     0 | D:1      | Reached XP level 1. HP: 14/14 MP: 1/1
   145 | D:1      | Reached XP level 2. HP: 19/19 MP: 2/2
   424 | D:1      | Reached XP level 3. HP: 23/23 MP: 3/3
   999 | D:3      | Reached XP level 4. HP: 29/29 MP: 4/4
  1133 | D:3      | Found an opulent altar of Gozag.
  1142 | D:3      | Reached skill level 4 in Shields
  1575 | D:4      | Found a shattered altar of Ashenzari.
  1606 | D:4      | Reached XP level 5. HP: 28/33 MP: 5/5
  1926 | D:4      | Noticed Grinder
  1935 | D:4      | Paralysed by Grinder for 7 turns
  1954 | D:4      | Paralysed by Grinder for 5 turns
  1971 | D:4      | Paralysed by Grinder for 3 turns
  1978 | D:4      | Killed Grinder
  1978 | D:4      | Reached skill level 5 in Long Blades
  1978 | D:4      | Reached skill level 5 in Shields
  1978 | D:4      | Reached XP level 6. HP: 10/39 MP: 6/6
  2264 | D:4      | Reached XP level 7. HP: 18/44 MP: 7/7
  2573 | D:5      | Entered Level 5 of the Dungeon
  2606 | D:4      | Identified the Collected Works on Virous Conjuration
  2938 | D:5      | Found a glowing drain.
  2971 | Sewer    | Entered a sewer
  3379 | D:5      | Reached skill level 6 in Shields
  3409 | D:5      | Reached XP level 8. HP: 39/48 MP: 8/8
  3481 | D:5      | Reached skill level 1 in Maces & Flails
  3687 | D:5      | Noticed a hippogriff
  3705 | D:5      | Killed a hippogriff
  3705 | D:5      | Reached skill level 7 in Shields
  4089 | D:5      | Found a staircase to the Ecumenical Temple.
  4107 | D:5      | Noticed Pikel
  4110 | Temple   | Entered the Ecumenical Temple
  4119 | Temple   | Became a worshipper of Makhleb the Destroyer
  4176 | D:5      | Killed Pikel
  4176 | D:5      | Reached skill level 5 in Maces & Flails
  4176 | D:5      | Reached XP level 9. HP: 51/52 MP: 9/9
  4236 | D:5      | Found a runed translucent gate.
  4237 | D:5      | Found a runed translucent gate.
  4237 | D:5      | Found a runed translucent gate.
  4237 | D:5      | Noticed Typerbomb's ghost (amateur GrBe)
  4239 | D:5      | Identified the +6 chain mail of Cheibriados's Pride {Int+4}
  4240 | D:5      | Found a roughly hewn altar of Beogh.
  4561 | D:6      | Reached skill level 8 in Shields
  5054 | D:6      | Reached * piety under Makhleb
  5559 | D:7      | Found an ornate altar of the Wu Jian Council.
  5647 | D:7      | Reached skill level 9 in Shields
  5851 | D:7      | Found a shadowy altar of Dithmenos.
  6000 | D:7      | Reached XP level 10. HP: 58/58 MP: 10/10
  6234 | D:7      | Noticed Harold
  6548 | D:7      | Identified Egaabecw's Incunabulum of Air and Stones
  6552 | D:7      | Learned a level 1 spell: Sandblast
  6596 | D:7      | Killed Harold
  6596 | D:7      | Reached skill level 1 in Spellcasting
  6596 | D:7      | Reached skill level 1 in Earth Magic
  7154 | D:8      | Reached ** piety under Makhleb
  7695 | D:8      | Found a snail-covered altar of Cheibriados.
  8027 | D:8      | Found a basalt altar of Yredelemnul.
  8394 | D:9      | Found a bloodstained altar of Trog.
  8429 | D:9      | Reached skill level 10 in Maces & Flails
  8466 | D:9      | Reached skill level 10 in Shields
  8533 | D:9      | Found Heva's Food Shoppe.
  8709 | D:9      | Found a shimmering blue altar of Sif Muna.
  8721 | D:9      | Found a shimmering altar of Xom.
  8725 | D:9      | Found a glowing silver altar of Zin.
  9053 | D:10     | Entered Level 10 of the Dungeon
  9174 | D:10     | Reached skill level 5 in Invocations
  9175 | D:10     | Reached XP level 11. HP: 62/62 MP: 15/15
  9214 | D:10     | Got an iridescent hand axe
  9215 | D:10     | Identified the +4 hand axe "Bung" {pain, rN+ Dex-2 SInv}
                  | (You found it on level 10 of the Dungeon)
  9358 | D:10     | Reached *** piety under Makhleb
  9653 | D:10     | Found Xysejaukk's Antique Armour Shop.
  9656 | D:10     | Bought a pair of glowing gloves for 240 gold pieces
 10251 | D:11     | Noticed a purple ugly thing
 10747 | D:11     | Found a staircase to the Lair.
 11254 | D:11     | Noticed a red ugly thing
 11525 | D:11     | Killed a purple ugly thing
 11580 | D:11     | Reached skill level 5 in Earth Magic
 11705 | D:11     | Reached **** piety under Makhleb
 12107 | D:11     | Killed a red ugly thing
 12250 | D:11     | Found a staircase to the Orcish Mines.
 12407 | Orc:1    | Entered Level 1 of the Orcish Mines
 12407 | Orc:1    | Noticed a cyclops
 12997 | D:5      | Killed Typerbomb's ghost
 13216 | D:4      | Found a runed translucent door.
 13217 | D:4      | Noticed Crazy Yiuf
 13224 | D:4      | Killed Crazy Yiuf
 13800 | Lair:1   | Entered Level 1 of the Lair of Beasts
 13847 | Lair:1   | Reached skill level 5 in Fighting
 14012 | Lair:1   | Found an ornate altar of the Wu Jian Council.
 14056 | Lair:1   | Reached XP level 12. HP: 68/68 MP: 18/18
 14161 | Lair:1   | Reached skill level 11 in Shields
 15182 | Lair:2   | Reached ***** piety under Makhleb
 15799 | Lair:3   | Found a frozen archway.
 15810 | IceCv    | Entered an ice cave
 16957 | Lair:3   | Found a hole to the Spider Nest.
 17221 | Spider:1 | Entered Level 1 of the Spider Nest
 17279 | Spider:1 | Noticed an entropy weaver
 17459 | Lair:3   | Killed an entropy weaver
 17459 | Lair:3   | Reached skill level 5 in Spellcasting
 17459 | Lair:3   | Reached skill level 10 in Invocations
 17788 | Spider:1 | Reached XP level 13. HP: 76/76 MP: 16/20
 18446 | Spider:1 | Noticed Frances
 18871 | Lair:4   | Found a staircase to the Swamp.
 18901 | Swamp:1  | Entered Level 1 of the Swamp
 19290 | Lair:3   | Reached skill level 12 in Shields
 21600 | Lair:5   | Found a staircase to the Slime Pits.
 21613 | Slime:1  | Entered Level 1 of the Pits of Slime
 21613 | Slime:1  | Noticed an acid blob
 21619 | Slime:1  | Gained mutation: Your mind is acute. (Int +2) [a shining
                  | eye]
 22667 | Lair:6   | Entered Level 6 of the Lair of Beasts
 23023 | Lair:6   | Gained mutation: Your large and strong wings let you fly
                  | indefinitely. [Gargoyle growth]
 23023 | Lair:6   | Reached XP level 14. HP: 84/84 MP: 23/23
 23637 | Lair:6   | Reached ****** piety under Makhleb
 23983 | Lair:6   | Reached skill level 1 in Dodging
 24272 | Lair:6   | Reached skill level 13 in Shields
 25755 | Orc:2    | Entered Level 2 of the Orcish Mines
 25881 | Orc:2    | Found a staircase to the Elven Halls.
 25983 | Orc:2    | Noticed Donald
 26015 | Orc:2    | Killed Donald
 26391 | Orc:2    | Found Camurul's Magic Scroll Shop.
 26823 | Orc:2    | Found Onwef's Distillery.
 26912 | Orc:2    | Reached skill level 10 in Fighting
 26960 | Orc:2    | Found Ixeteow's Magic Scroll Shop.
 27289 | Orc:2    | Reached XP level 15. HP: 92/92 MP: 25/25
 27356 | Orc:2    | Reached skill level 5 in Armour
 27492 | Orc:2    | Paralysed by an orc sorcerer for 5 turns
 27873 | Orc:2    | Found Tonuf's Antique Armour Shoppe.
 27873 | Orc:2    | Found Zionlar's Book Emporium.
 27873 | Orc:2    | Found a one-way gate leading to the halls of Pandemonium.
 28252 | Elf:1    | Entered Level 1 of the Elven Halls
 28594 | Orc:2    | Bought a scroll of acquirement for 572 gold pieces
 28596 | Orc:2    | Identified the +1 eveningstar "Ogreslayer" {vorpal, +Rage
                  | rPois Int+8 Dex-3} (You acquired it on level 2 of the
                  | Orcish Mines)
 28598 | Orc:2    | Identified Atziedd's Almanac of Lucky Confrontation (You
                  | acquired it on level 2 of the Orcish Mines)
 28599 | Orc:2    | Identified the amulet of Ylihit {Faith +Blink rN+ Slay-5}
                  | (You acquired it on level 2 of the Orcish Mines)
 28599 | Orc:2    | Identified the +0 scale mail "Vozosire" {rC+++ Regen+ Str-3
                  | Slay+3} (You acquired it on level 2 of the Orcish Mines)
 28605 | Orc:2    | Bought a scroll of identify for 22 gold pieces
 28605 | Orc:2    | Bought a scroll of identify for 22 gold pieces
 28605 | Orc:2    | Bought a scroll of holy word for 82 gold pieces
 28605 | Orc:2    | Bought a scroll of fog for 22 gold pieces
 28682 | Orc:2    | Bought a book of Geomancy for 630 gold pieces
 28952 | Orc:2    | Bought a potion of heal wounds for 70 gold pieces
 28952 | Orc:2    | Bought a potion of heal wounds for 70 gold pieces
 28952 | Orc:2    | Bought a potion of heal wounds for 70 gold pieces
 28952 | Orc:2    | Bought 2 potions of berserk rage for 140 gold pieces
 28952 | Orc:2    | Bought a potion of resistance for 140 gold pieces
 28952 | Orc:2    | Bought a potion of haste for 140 gold pieces
 28958 | Orc:2    | Bought a scroll of teleportation for 48 gold pieces
 28958 | Orc:2    | Bought a scroll of identify for 32 gold pieces
 28958 | Orc:2    | Bought a scroll of fog for 32 gold pieces
 28958 | Orc:2    | Bought a scroll of enchant weapon for 120 gold pieces
 28958 | Orc:2    | Bought a scroll of magic mapping for 56 gold pieces
 28958 | Orc:2    | Bought a scroll of identify for 32 gold pieces
 28958 | Orc:2    | Bought a scroll of enchant armour for 120 gold pieces
 29405 | Spider:1 | Killed Frances
 29459 | Spider:1 | Noticed Jorgrun
 29475 | Spider:1 | Killed Jorgrun
 29807 | Spider:2 | Noticed Asterion
 29814 | Spider:2 | Noticed Arachne
 30299 | Spider:2 | Noticed a cacodemon
 30307 | Spider:2 | Killed Asterion
 30307 | Spider:2 | Reached skill level 14 in Shields
 30492 | Spider:2 | Noticed an emperor scorpion
 30516 | Spider:2 | Killed an emperor scorpion
 30630 | Spider:2 | Killed Arachne
 31095 | Spider:2 | Reached XP level 16. HP: 98/98 MP: 26/26
 32452 | Spider:3 | Reached skill level 10 in Long Blades
 32497 | Spider:4 | Entered Level 4 of the Spider Nest
 34146 | Spider:4 | Reached XP level 17. HP: 39/104 MP: 14/27
 34770 | Spider:4 | Got a gossamer rune of Zot
 36019 | Swamp:1  | Upgraded the game from 0.25-a0-576-g50b708a to
                  | 0.25-a0-577-ga4619f4
 37076 | D:12     | Found Maott's General Store.
 37841 | D:13     | Noticed Sonja
 37878 | D:13     | Killed Sonja
 38292 | D:13     | Found a runed translucent door.
 38293 | D:13     | Noticed Waroif's ghost (journeyman VSBe)
 38318 | D:13     | Killed Waroif's ghost
 39276 | D:14     | Found a gate to the Vaults.
 39353 | Vaults:1 | Entered Level 1 of the Vaults
 39591 | Vaults:1 | Reached XP level 18. HP: 108/114 MP: 28/28
 39624 | Vaults:1 | Reached skill level 15 in Shields
 39949 | Vaults:1 | Found Kevebausk's General Store.
 39960 | Vaults:1 | Bought a scroll of holy word for 105 gold pieces
 39960 | Vaults:1 | Bought a scroll of enchant weapon for 105 gold pieces
 39960 | Vaults:1 | Bought a scroll of enchant armour for 105 gold pieces
 40365 | Vaults:1 | Reached skill level 15 in Long Blades
 41148 | Vaults:2 | Reached skill level 16 in Shields
 41166 | Vaults:2 | Paralysed by an ogre mage for 7 turns
 41425 | Vaults:2 | Found a staircase to the Crypt.
 41525 | Vaults:2 | Paralysed by a vampire knight for 6 turns
 41557 | Vaults:2 | Found a runed translucent door.
 41557 | Vaults:2 | Noticed Guffinn's ghost (adept CeAr)
 41630 | Vaults:2 | Reached skill level 17 in Shields
 41690 | Vaults:2 | Killed Guffinn's ghost
 41838 | Vaults:2 | Reached skill level 10 in Armour
 42033 | Vaults:2 | Reached XP level 19. HP: 119/119 MP: 29/29
 42700 | Vaults:3 | Reached skill level 18 in Shields
 43761 | Vaults:3 | Noticed Frederick
 43773 | Vaults:3 | Killed Frederick
 43773 | Vaults:3 | Reached skill level 15 in Armour
 43910 | Vaults:3 | Found a portal to a secret trove of treasure.
 44230 | Vaults:4 | Reached skill level 19 in Shields
 44575 | Vaults:4 | Reached XP level 20. HP: 124/124 MP: 30/30
 45426 | Crypt:1  | Entered Level 1 of the Crypt
 46844 | Crypt:2  | Reached skill level 15 in Invocations
 47075 | Crypt:2  | Found a runed translucent gate.
 47077 | Crypt:2  | Found a runed translucent gate.
 47078 | Crypt:2  | Found a runed translucent gate.
 47079 | Crypt:2  | Noticed Ciwiv's ghost (veteran FoFi)
 47141 | Crypt:2  | Reached skill level 20 in Shields
 47157 | Crypt:2  | Killed Ciwiv's ghost
 47179 | Crypt:2  | Reached skill level 5 in Dodging
 47179 | Crypt:2  | Reached XP level 21. HP: 47/130 MP: 17/32
 47208 | Crypt:2  | Got an ichor-stained hand crossbow
 47209 | Crypt:2  | Identified the +4 hand crossbow "Intaxtuast" {elec, rF+
                  | Stlth+} (You found it on level 2 of the Crypt)
 48061 | Crypt:3  | Entered Level 3 of the Crypt
 49123 | Crypt:2  | Paralysed by something for 3 turns
 49946 | Crypt:3  | Paralysed by a vampire knight for 2 turns
 50042 | Crypt:3  | Noticed Jory
 50085 | Crypt:3  | Killed Jory
 50391 | Crypt:3  | Found a staircase to the Tomb.
 50437 | Crypt:3  | Paralysed by something for 2 turns
 51034 | Crypt:3  | Paralysed by something for 2 turns
 51268 | Crypt:3  | Identified the Catalogue of Black Rites
 51377 | Tomb:1   | Entered Level 1 of the Tomb of the Ancients
 51538 | Tomb:1   | Reached XP level 22. HP: 108/138 MP: 30/34
 52931 | Slime:2  | Gained mutation: You occasionally shout uncontrollably at
                  | your foes. [a shining eye]
 52937 | Slime:2  | Reached skill level 15 in Fighting
 52951 | Slime:2  | Gained mutation: Your magical capacity is low. (-10% MP) [a
                  | shining eye]
 53710 | Slime:3  | Gained mutation: Your magical capacity is very low. (-20%
                  | MP) [a shining eye]
 53858 | Slime:4  | Gained mutation: You are weak. (Str -2) [a shining eye]
 53859 | Slime:4  | Lost mutation: Your mind is acute. (Int +2) [a shining eye]
 53860 | Slime:4  | Gained mutation: Scrolls take you a little longer to read.
                  | [a shining eye]
 53866 | Slime:4  | Gained mutation: Your body sometimes deteriorates upon
                  | taking damage. [a shining eye]
 54174 | Slime:5  | Entered Level 5 of the Pits of Slime
 54216 | Slime:5  | Noticed the Royal Jelly
 54222 | Slime:5  | Gained mutation: Armour fits poorly on your strangely
                  | shaped body. [a shining eye]
 55461 | Slime:5  | Gained mutation: You tend to lose your temper in combat. [a
                  | shining eye]
 56333 | Slime:2  | HP: 7/142 [acid blob/splash of acid (4)]
 56333 | Slime:2  | HP: 2/142 [acid (5)]
 56333 | Slime:2  | Demolished by an azure jelly

Levels and vault maps discovered:
D:1:      minmay_arrival_radiant_lines, layout_basic
D:2:      layout_loops_ring, first_ration
D:3:      layout_rooms, minmay_misc_feat_square, grunt_gozag_breadcrumbs
D:4:      cheibrodos_pilgrimage, layout_loops_ring, evilmike_ruin_ashenzari,
          uniq_crazy_yiuf_cottage, uniq_grinder
D:5:      layout_loops_ring, temple_pool_b, portal_sewer_entry_b,
          biasface_ghost_orc_armoury, minmay_manual_mandibuliform, uniq_pikel
D:6:      layout_cave_pools
D:7:      layout_basic, kennysheep_little_box, nicolae_dithmenos_the_darkroom,
          uniq_harold
D:8:      layout_loops_ring, lemuel_doored_altar,
          nicolae_overflow_hidden_temple, st_stairs_4
D:9:      layout_basic, trog_ov_bears_minmay, minmay_overflow_temple_star_quad,
          serial_shops, shop, blue_anna_alchemist [blue_anna_fruit_fields,
          blue_anna_fruit_fields], hangedman_abyss_or_decor_passed, minmay_holes
D:10:     layout_cave_pods, serial_shops, kennysheep_mini_moat
D:11:     layout_irregular_city, grunt_lair_entry_orc_guard_hut, david_orc_4
D:12:     layout_long_grid, serial_shops, shop
D:13:     layout_rooms, gammafunk_ghost_grave, grunt_decor_mini_mirrors,
          nicolae_wwwww, minmay_nine_imps, uniq_sonja
D:14:     layout_cave_pools, ximxim_vaults_locker_room, kennysheep_small_circle
Temple:   dshaligram_water_room_temple
Lair:1:   layout_layer_cave, basic_altar, serial_bayou_shore_b
Lair:2:   dpeg_oklob_gauntlet, layout_regular_city, kennysheep_rathole,
          grunt_megastairs_2, infiniplex_staircase_pool_2
Lair:3:   layout_chaotic_city, spider_nest_entry_funnel_web,
          portal_ice_cave_entry_pillars_1, infiniplex_staircase_pool,
          grunt_megastairs_5, serial_bayou_shore_a
Lair:4:   layout_layer_cave, minmay_swamp_entry_eels, beast_lair_carwin_9,
          grunt_megastairs_4, minmay_lair_oklob_chamber
Lair:5:   layout_regular_city, dpeg_slime_entry_corner,
          grunt_forest_stairs_basic, grunt_megastairs_3
Lair:6:   minmay_lair_end_enchanted_forest, layout_gridlike,
          serial_bayou_shore_b, serial_bayou_shore_b
Swamp:1:  layout_basic_swamp, nicolae_swamp_very_dense_foliage
Swamp:2:  layout_basic_swamp, hangedman_swamp_lotus
Spider:1: layout_spider_delve, uniq_jorgrun, uniq_frances
Spider:2: layout_chambers, uniq_arachne, uniq_asterion
Spider:3: layout_spider_delve
Spider:4: floodkiller_spider_rune_tomb
Slime:1:  layout_caves
Slime:2:  layout_caves
Slime:3:  layout_caves
Slime:4:  layout_caves
Slime:5
Orc:1:    nicolae_orc_accident_2, layout_caves
Orc:2:    pf_orc_diabolical, layout_diamond_mine, serial_shops, shop,
          nicolae_volcano_entry_batcave, special_room, abandoned_shop,
          uniq_donald
Elf:1:    minmay_elf_arrival_circle, layout_loops_cross,
          hangedman_elf_disciples, minivault_14, corner_web_ring,
          nicolae_elf_v_pinch
Vaults:1: v_misc_25, hangedman_vaults_slither, nicolae_vaults_network_square,
          v_misc_25, vaults_dpeg_encased_lava, hangedman_vaults_river_flow,
          vaults_room_large_hall, vaults_room_stairs_pillars, vaults_dpeg_cross,
          ontoclasm_vaults_fault, vaults_room_hallway,
          nicolae_vaults_border_crossing, layout_vaults_maze_bifur,
          serial_shops, shop_fountains
Vaults:2: ebering_vaults_ghost_inner_flame, nicolae_vaults_quartermaster,
          minmay_crypt_entry_simple_sparse, hangedman_vaults_variations,
          v_rooms_4, vaults_room_semicircle, dpeg_vaults_monster_box,
          layout_vaults_omnigrid
Vaults:3: st_cross, v_misc_3, grunt_vaults_swirl,
          nicolae_vaults_bisected_inception, v_misc_18, dpeg_vaults_monster_row,
          v_pattern_3, ontoclasm_vaults_bender, nicolae_vaults_theta,
          nicolae_vaults_little_ls, ontoclasm_vaults_twist, layout_vaults_ring,
          nicolae_trove_entry_columns, uniq_frederick
Vaults:4: nicolae_vaults_gold_heap, ontoclasm_vaults_hangar,
          hangedman_vaults_unwind, vaults_dpeg_ring, v_rooms_2,
          vaults_room_fours, st_smaller_cells, v_pattern_1,
          hangedman_vaults_snaps, nicolae_vaults_little_squares_6,
          grunt_vaults_funnel, layout_vaults_omnicross
Crypt:1:  layout_chaotic_city, grunt_ministairs_3
Crypt:2:  layout_basic, gammafunk_ghost_spectres, item_on_display_b,
          grunt_megastairs_1
Crypt:3:  due_elkab, layout_chaotic_city
Tomb:1

Skill      XL: |  1  2  3  4  5  6  7  8  9 10 11 12 13 14 15 16 17 18 19 20 21 22 |
---------------+-------------------------------------------------------------------+-----
Long Blades    | 2 3 5 6 8 11 14 15 | 15.0
Fighting       | 4 5 6 8 10 11 13 14 16 | 16.0
Shields        | 4 5 6 7 9 10 11 12 13 14 17 19 20 | 20.5
Maces & Flails | 5 8 10 11 12 13 14 | 14.1
Spellcasting   | 2 4 5 6 |  6.1
Earth Magic    | 3 5 6 7 9 |  9.6
Invocations    | 5 8 10 11 13 14 15 16 | 16.8
Dodging        | 3 4 5 6 9 |  9.1
Armour         | 4 7 8 9 10 15 17 18 19 | 19.3

Action                   |  1- 3 |  4- 6 |  7- 9 | 10-12 | 13-15 | 16-18 | 19-21 | 22-24 || total
-------------------------+-------+-------+-------+-------+-------+-------+-------+-------++-------
Melee: Long sword        |    87 |   164 |   135 |       |       |       |       |       ||   386
       Flail             |       |       |   384 |  1351 |  1751 |       |       |       ||  3486
       Demon blade       |       |       |       |       |   400 |  2001 |  2261 |   632 ||  5294
Throw: Javelin           |       |     5 |    20 |     8 |     6 |     4 |       |       ||    43
       Dart              |       |     5 |       |       |       |       |       |       ||     5
       Boomerang         |       |       |       |    17 |     3 |       |       |       ||    20
       Throwing net      |       |       |       |       |     1 |       |       |       ||     1
 Cast: Sandblast         |       |       |       |     9 |    20 |       |       |       ||    29
Invok: Lesser Servant of |       |       |       |     6 |    17 |    19 |     3 |       ||    45
       Minor Destruction |       |       |       |     1 |     7 |       |       |       ||     8
       Greater Servant o |       |       |       |       |     7 |     7 |     6 |     8 ||    28
 Abil: Fly               |       |       |       |       |     1 |       |       |       ||     1
Evoke: Wand              |       |       |       |       |     5 |       |       |       ||     5
       Phial of floods   |       |       |       |       |     1 |       |       |       ||     1
  Use: Potion            |       |     2 |       |    10 |     7 |     2 |     2 |     5 ||    28
       Scroll            |       |       |     8 |    14 |    17 |    16 |     5 |     7 ||    67
 Stab: Distracted        |       |       |       |     2 |     6 |     7 |     3 |     1 ||    19
       Confused          |       |       |       |       |     4 |       |       |       ||     4
  Eat: Chunk             |       |     4 |    11 |    24 |    23 |    22 |    10 |     2 ||    96
       Ration            |       |       |     1 |     5 |     7 |     4 |     7 |     4 ||    28
Armor: Scale mail        |    33 |    73 |   225 |   324 |       |       |       |       ||   655
       Chain mail        |       |       |       |   345 |  1043 |  1306 |   139 |       ||  2833
       Plate armour      |       |       |       |    29 |       |       |   423 |   430 ||   882
       Skin              |       |       |       |    22 |       |       |       |       ||    22
Dodge: Dodged            |    20 |    43 |   141 |   328 |   499 |   690 |   194 |   104 ||  2019
       Deflected         |       |       |       |     2 |    21 |    16 |    11 |     7 ||    57
Block: Kite shield       |    44 |    59 |   252 |   809 |  1232 |  1246 |    60 |  1179 ||  4881
       Tower shield      |       |       |       |       |       |   451 |  1587 |       ||  2038
       Rpst.: Long sword |     8 |    18 |     9 |       |       |       |       |       ||    35
       Demon blade       |       |       |       |       |    32 |   127 |    35 |    21 ||   215

Table legend:
 A = Non-vault XP
 B = Vault XP
 C = Vault XP percentage of total XP
 D = Non-vault monster count
 E = Vault monster count
 F = Vault count percentage of total count
                 A         B        C        D         E       F
            +---------+---------+-------+---------+---------+-------
      Total |  438653 |  258778 |  37.1 |    1160 |     567 |  32.8
            +---------+---------+-------+---------+---------+-------
        D:1 |      39 |       0 |   0.0 |      19 |       0 |   0.0
        D:2 |      35 |       0 |   0.0 |       6 |       0 |   0.0
        D:3 |      70 |       0 |   0.0 |      15 |       0 |   0.0
        D:4 |     340 |     445 |  56.7 |      16 |       9 |  36.0
        D:5 |     750 |    1339 |  64.1 |      31 |      17 |  35.4
        D:6 |    1442 |       0 |   0.0 |      35 |       0 |   0.0
        D:7 |     947 |    1013 |  51.7 |      20 |       1 |   4.8
        D:8 |    1967 |      55 |   2.7 |      31 |       1 |   3.1
        D:9 |     515 |     339 |  39.7 |      12 |       3 |  20.0
       D:10 |    2771 |     233 |   7.8 |      36 |       2 |   5.3
       D:11 |    4264 |    1163 |  21.4 |      54 |      21 |  28.0
       D:12 |    2818 |       0 |   0.0 |      19 |       0 |   0.0
       D:13 |    7706 |    2095 |  21.4 |      33 |      11 |  25.0
       D:14 |    8457 |    2386 |  22.0 |      23 |      14 |  37.8
     Lair:1 |    4312 |       0 |   0.0 |      18 |       0 |   0.0
     Lair:2 |    2774 |    1511 |  35.3 |      17 |      16 |  48.5
     Lair:3 |    4499 |    2857 |  38.8 |      18 |       7 |  28.0
     Lair:4 |    3680 |    3249 |  46.9 |      15 |      13 |  46.4
     Lair:5 |    2605 |    1190 |  31.4 |       9 |       6 |  40.0
     Lair:6 |   13016 |    9340 |  41.8 |      37 |      43 |  53.8
    Swamp:1 |   21822 |       0 |   0.0 |      50 |       0 |   0.0
   Spider:1 |   11536 |    3464 |  23.1 |      34 |       2 |   5.6
   Spider:2 |   17600 |    4619 |  20.8 |      45 |       2 |   4.3
   Spider:3 |   19490 |       0 |   0.0 |      54 |       0 |   0.0
   Spider:4 |   13668 |   29764 |  68.5 |      38 |      69 |  64.5
    Slime:1 |   11453 |       0 |   0.0 |      26 |       0 |   0.0
    Slime:2 |   17404 |       0 |   0.0 |      24 |       0 |   0.0
    Slime:3 |   17526 |       0 |   0.0 |      23 |       0 |   0.0
    Slime:4 |   24208 |    6449 |  21.0 |      39 |       7 |  15.2
    Slime:5 |    2553 |    5830 |  69.5 |       2 |       3 |  60.0
      Orc:1 |     779 |     707 |  47.6 |       7 |       1 |  12.5
      Orc:2 |    3947 |   18012 |  82.0 |      38 |      71 |  65.1
   Vaults:1 |   25355 |   16875 |  40.0 |      37 |      23 |  38.3
   Vaults:2 |   31709 |   27697 |  46.6 |      50 |      44 |  46.8
   Vaults:3 |   20317 |   32910 |  61.8 |      35 |      48 |  57.8
   Vaults:4 |   14470 |   20349 |  58.4 |      24 |      28 |  53.8
    Crypt:1 |   32585 |    2002 |   5.8 |      47 |       2 |   4.1
    Crypt:2 |   29431 |   12917 |  30.5 |      45 |      17 |  27.4
    Crypt:3 |   47616 |   39481 |  45.3 |      56 |      60 |  51.7
     Tomb:1 |   12177 |    8871 |  42.1 |      22 |       4 |  15.4
      Sewer |       0 |     252 | 100.0 |       0 |      15 | 100.0
      IceCv |       0 |    1364 | 100.0 |       0 |       7 | 100.0
            +---------+---------+-------+---------+---------+-------
